 Dungeon Crawl Stone Soup version 0.28.0-53-g5a82cb258f (webtiles) character file.

Game seed: 2359454318371988782

204997 MiltankisOP the Intangible (level 18, -9/169 HPs)
             Began as a Merfolk Gladiator on June 19, 2022.
             Was a High Priest of Ashenzari.
             Mangled by a vampire knight
             ... wielding a +0 long sword
              (15 damage)
             ... while paralysed by a vampire knight
             ... on level 2 of the Depths on June 20, 2022.
             The game lasted 02:34:59 (40443 turns).

MiltankisOP the Intangible (Merfolk Gladiator)     Turns: 40443, Time: 02:35:00

Health: -9/169     AC: 15    Str: 15    XL:     18   Next: 67%
Magic:  32/32      EV:  2    Int:  5    God:    Ashenzari [*****.]
Gold:   3115       SH:  0    Dex: 28    Spells: 37/37 levels left

rFire   . . .      SeeInvis +   b - +2 demon trident (venom)
rCold   + . .      Faith    .   I - +4 kite shield of the Chained Gnosis {Self, Melee} (curse)
rNeg    . . .      Spirit   .   C - +5 ring mail "Ruined Apathy" {rC+ rCorr Str-3, Melee, Range} (curse)
rPois   .          Reflect  .   c - +0 helmet "Elysian Adversity" {Self, Alch} (curse)
rElec   .          Harm     .   R - +0 cloak of Ashenzari's Prison {Elem, Range} (curse)
rCorr   +          Rampage  .   q - +1 pair of gloves "Esoteric Atheism" {Str+3, Cun, Fort} (curse)
Will    ++...      Clarity  +   l - +0 pair of boots of Ashenzari's Boredom {Bglg, Melee} (curse)
Stlth   ++........              J - necklace of Bloodlust {*Rage Will++ Int-3 Slay+6, Melee, Self} (curse)
HPRegen 0.38/turn               p - ring of Supernal Wisdom {Will+, Melee, Fort} (curse)
MPRegen 0.23/turn               s - ring of Cremastomancy {Dex+6, Self, Evo} (curse)

@: paralysed, weak-willed
A: (nimble swimmer 2), mertail
}: 1/15 runes: decaying
a: Renounce Religion, Curse Item, Shatter the Chains


You were on level 2 of the Depths.
You worshipped Ashenzari.
Ashenzari was extremely pleased with you.
You visited 6 branches of the dungeon, and saw 30 of its levels.

You collected 4747 gold pieces.
You spent 1632 gold pieces at shops.

Inventory:

Hand Weapons
 b - a +2 demon trident of venom (weapon)
 U - a +0 trident of flaming
Missiles
 G - 18 boomerangs (quivered)
 H - 7 throwing nets
 M - 8 silver boomerangs
 Y - a javelin
Armour
 c - the cursed +0 helmet "Elysian Adversity" (worn) {Self, Alch}

   It has a curse which improves the following skills: Introspection: Fighting
   and Spellcasting.
   Alchemy:   Poison Magic and Transmutations.
 l - the cursed +0 pair of boots of Ashenzari's Boredom (worn) {Bglg, Melee}
   (You found it on level 2 of the Dungeon)

   It has a curse which improves the following skills: Beguiling: Conjurations,
   Hexes and Translocations.
   Melee Combat: Short Blades, Long Blades, Axes, Maces & Flails, Polearms,
   Staves and Unarmed Combat.
 q - the cursed +1 pair of gloves "Esoteric Atheism" (worn) {Str+3, Cun, Fort}
   (You acquired it on level 5 of the Dungeon)

   It has a curse which improves the following skills: Cunning: Dodging and
   Stealth.
   Fortitude: Armour and Shields.
 C - the cursed +5 ring mail "Ruined Apathy" (worn) {rC+ rCorr Str-3, Melee, Range}
   (You took it off an orc on level 7 of the Dungeon)

   Str:       It affects your strength (-3).
   rC:        It protects you from cold.
   rCorr:     It protects you from acid and corrosion.
   It has a curse which improves the following skills: Melee Combat: Short
   Blades, Long Blades, Axes, Maces & Flails, Polearms, Staves and Unarmed
   Combat.
   Ranged Combat: Slings, Bows, Crossbows and Throwing.
 I - the cursed +4 kite shield of the Chained Gnosis (worn) {Self, Melee}
   (You found it on level 5 of the Dungeon)

   It has a curse which improves the following skills: Introspection: Fighting
   and Spellcasting.
   Melee Combat: Short Blades, Long Blades, Axes, Maces & Flails, Polearms,
   Staves and Unarmed Combat.
 Q - a +2 pair of gloves
 R - the cursed +0 cloak of Ashenzari's Prison (worn) {Elem, Range}
   (You found it on level 10 of the Dungeon)

   It has a curse which improves the following skills: Elements: Fire Magic, Ice
   Magic, Air Magic and Earth Magic.
   Ranged Combat: Slings, Bows, Crossbows and Throwing.
 V - the +2 plate armour "Diech" {Fly rPois Int+8 Stlth-}
   (You bought it in a shop on level 2 of the Orcish Mines)

   Int:       It affects your intelligence (+8).
   rPois:     It protects you from poison.
   Fly:       It grants you flight.
   Stlth:     It makes you less stealthy.
Jewellery
 n - the ring of the Tortoise {AC+8}
   (You found it on level 6 of the Lair of Beasts)

   [ring of protection]

   AC:        It affects your AC (+8).
 p - the cursed ring of Supernal Wisdom (left hand) {Will+, Melee, Fort}
   (You found it on level 3 of the Dungeon)

   [ring of willpower]

   Will:      It increases your willpower.
   It has a curse which improves the following skills: Melee Combat: Short
   Blades, Long Blades, Axes, Maces & Flails, Polearms, Staves and Unarmed
   Combat.
   Fortitude: Armour and Shields.
 s - the cursed ring of Cremastomancy (right hand) {Dex+6, Self, Evo}
   (You found it on level 3 of the Dungeon)

   [ring of dexterity]

   Dex:       It affects your dexterity (+6).
   It has a curse which improves the following skills: Introspection: Fighting
   and Spellcasting.
   Evocations: Evocations.
 x - a ring of magical power
 y - a ring of protection from cold
 D - a +6 ring of dexterity
 J - the cursed necklace of Bloodlust (around neck) {*Rage Will++ Int-3 Slay+6, Melee, Self}
   (You bought it in a shop on level 7 of the Dungeon)

   [amulet of nothing]

   It extends the wearer's berserk rage when killing foes.
   Int:       It affects your intelligence (-3).
   Slay:      It affects your accuracy & damage with ranged weapons and melee
   (+6).
   *Rage:     It berserks you when you make melee attacks (+50% chance).
   Will:      It greatly increases your willpower.
   It has a curse which improves the following skills: Melee Combat: Short
   Blades, Long Blades, Axes, Maces & Flails, Polearms, Staves and Unarmed
   Combat.
   Introspection: Fighting and Spellcasting.
 N - a ring of flight
Wands
 m - a wand of polymorph (22)
 t - a wand of paralysis (19)
 u - a wand of flame (83)
 B - a wand of mindburst (20)
 F - a wand of iceblast (34)
 P - a wand of acid (6)
Scrolls
 a - 2 scrolls of enchant weapon
 d - 5 scrolls of fear
 e - 3 scrolls of teleportation
 f - 3 scrolls of torment
 j - 5 scrolls of amnesia
 k - 6 scrolls of vulnerability
 v - 4 scrolls of fog
 S - a scroll of summoning
 W - a scroll of brand weapon
 X - 2 scrolls of enchant armour
 Z - a scroll of magic mapping
Potions
 g - 9 potions of heal wounds
 h - 17 potions of curing
 i - a potion of cancellation
 o - 2 potions of berserk rage
 r - 9 potions of attraction
 w - a potion of magic
 z - 6 potions of might
 A - 4 potions of flight
 E - 6 potions of brilliance
 K - 8 potions of haste
 L - 7 potions of ambrosia
 O - a potion of resistance


   Skills:
 - Level 17.2(22.5) Fighting
 - Level 21.0(27) Polearms
 - Level 2.0(4.5) Throwing
 O Level 27 Dodging
 - Level 11.8(15.2) Shields
 - Level 5.1(10.2) Spellcasting
 + Level 6.4(8.8) Transmutations


You had 37 spell levels left.
You didn't know any spells.
Your spell library contained the following spells:

 Spells                   Type           Power      Damage    Failure   Level
 Wereblood                Tmut           11%        N/A       2%          2
 Passwall                 Tmut/Erth      5%         N/A       16%         2
 Spider Form              Tmut/Pois      7%         N/A       30%         3
 Apportation              Tloc           4%         N/A       50%         1
 Magic Dart               Conj           8%         1d3       50%         1
 Ensorcelled Hibernation  Hex/Ice        4%         N/A       65%         2
 Corpse Rot               Necr/Air       4%         N/A       67%         2
 Call Imp                 Summ           2%         N/A       69%         2
 Sublimation of Blood     Necr           2%         N/A       69%         2
 Mephitic Cloud           Conj/Pois/Air  2%         N/A       86%         3
 Swiftness                Air            2%         N/A       86%         3
 Alistair's Intoxication  Tmut/Pois      4%         N/A       95%         5
 Anguish                  Hex/Necr       1%         N/A       99%         4
 Leda's Liquefaction      Hex/Erth       1%         N/A       99%         4
 Olgreb's Toxic Radiance  Pois           2%         N/A       99%         4
 Dispel Undead            Necr           2%         3d7       100%        4
 Lee's Rapid Deconstruct  Erth           1%         3d5*      100%        5
 Death Channel            Necr           1%         N/A       100%        6
 Statue Form              Tmut/Erth      4%         N/A       100%        6
 Ozocubu's Refrigeration  Ice            1%         4d5       100%        7
 Summon Hydra             Summ           1%         N/A       100%        7
 Ignition                 Fire           1%         3d3       100%        8


Dungeon Overview and Level Annotations

Branches:
Dungeon (15/15)            Temple (1/1) D:7            Lair (6/6) D:8
  Swamp (4/4) Lair:3        Snake (0/4) Lair:2        Slime (0/5) Lair:5
    Orc (2/2) D:12            Elf (0/3) Orc:2        Vaults (0/5) D:13
 Depths (2/4) D:15

Altars:
Ashenzari
Cheibriados
Dithmenos
Elyvilon
Fedhas
Gozag
Hepliaklqana
Kikubaaqudgha
Makhleb
Nemelex Xobeh
Okawaru
Qazlal
Ru
Sif Muna
Trog
Uskayaw
Vehumet
Wu Jian
Xom
Yredelemnul
Zin
The Shining One
Beogh
Lugonu

Shops:
D:7 ?(==:   D:11 [=   Orc:2 ![:(?

Portals:
Hell: Depths:1 Depths:2
Abyss: Lair:6 Depths:1
Pandemonium: Depths:1 Depths:2

Annotations:
D:4 3 runed translucent doors, mortz's ghost, amateur DECj
D:7 1 runed translucent door, osoart's ghost, novice DsTm
D:10 3 runed translucent doors, Sin92's ghost, novice DsFi
D:15 5 runed translucent doors
Swamp:3 3 runed translucent doors, Gokhumny's ghost, adept GnFi; Ufythefao's ghost, adept MiFi; Zoigrime's ghost, adept FoFi
Orc:1 1 runed translucent door, exclusion: 4 orange crystal statues
Depths:2 3 runed translucent doors, mrw3rdna's ghost, adept GrEE


Innate Abilities, Weirdness & Mutations

((You are very nimble when in or above water. (Stealth+, EV+, Speed+++)))
Your lower body shifts to a powerful aquatic tail in water.


Message History

You block the phantasmal warrior's attack. x2
The phantasmal warrior closely misses you.
The vampire knight draws life force from you!
The vampire knight is healed by the life force!
Things that are here:
6 large rocks; a stone giant corpse
Things that are here:
a +2 robe; an ugly thing corpse You puncture the phantasmal warrior!
The phantasmal warrior is moderately damaged.
The vampire knight casts a spell.
The vampire knight flickers and vanishes for a moment.
The phantasmal warrior barely misses you.
The phantasmal warrior gestures at you.
The phantasmal warrior blinks!
Reach: b) +2 demon trident (venom)
Press: ? - help, Dir - move target, f/p - vampire knight
Aim: a vampire knight, wielding a +0 long sword and wearing a +0 chain mail (severely damaged, slightly transparent, about 15% to evade your +2 demon trident of venom)
You reach to attack!
You hit the vampire knight but do no damage.
The vampire knight is severely damaged.
Reach: b) +2 demon trident (venom)
Press: ? - help, Dir - move target, f/p - vampire knight
Aim: a vampire knight, wielding a +0 long sword and wearing a +0 chain mail (severely damaged, slightly transparent, about 15% to evade your +2 demon trident of venom)
You reach to attack!
You puncture the vampire knight!
The vampire knight is almost destroyed.
The vampire knight points at you and mumbles some strange words.
You suddenly lose the ability to move!
The phantasmal warrior gestures at you.
The phantasmal warrior blinks!
The vampire knight gestures at you while chanting.
The vampire knight blinks!
The phantasmal warrior hits you!!
* * * LOW HITPOINT WARNING * * *
The vampire knight mumbles some strange words.
The vampire knight seems to speed up.
The phantasmal warrior hits you!!
* * * LOW HITPOINT WARNING * * *
The vampire knight hits you with a +0 long sword!
You die...

#..............# ##..........##
.............## #..........###
##...........## #.............
##.........#### #....^.....)..
#>...........##### #..........#..
.....###....########........)..#.
...#######..########.............
#...###.#......#####.............
.#...........([W@#...............
..###....##...##VW.........#.....
#.###...####.####..[.......#.....
#.###..##..#'#..##.............#.
.#..#..##.......##........#..#.#.
. .###..##.._..##...........###..
. #####..##...##.................
#,######..##.##..................
,*######..###..##...............


You could see a vampire knight (fast, invisible) and 2 phantasmal warriors.

Vanquished Creatures
  Boris (Depths:2)
  Saint Roka (Depths:1)
  A thorn hunter (Swamp:1)
  A tengu reaver (Depths:2)
  Roxanne (Swamp:3)
  A fire giant (Depths:2)
  3 frost giants
  An iron dragon (Depths:1)
  Louise (Swamp:2)
  4 very ugly things (Depths:1)
  2 stone giants
  4 eleionomae
  A dire elephant (Lair:5)
  8 bunyips
  6 ettins
  4 fire dragons
  A blizzard demon (Depths:2)
  2 jiangshi (Depths:1)
  A green death (Depths:1)
  2 merfolk javelineers (Depths:1)
  Josephine (Lair:6)
  2 shambling mangroves (Swamp:4)
  2 ice dragons (Depths:1)
  33 hydras
  A boulder beetle (Lair:5)
  2 spriggan air magi (Depths:1)
  4 rakshasas
  2 hell beasts (Depths:1)
  4 ogre magi (Orc:2)
  3 catoblepae
  8 centaur warriors
  9 two-headed ogres
  4 alligators
  6 death yaks (Lair:4)
  5 deep troll earth magi (Depths:1)
  2 vampire magi (Depths:1)
  4 deep troll shamans
  A spriggan berserker (Depths:1)
  4 thrashing horrors (Lair:6)
  Sonja (Lair:1)
  2 soul eaters
  A sun demon (Depths:1)
  Nergalle (Lair:1)
  An iron troll (D:15)
  7 deep trolls
  12 swamp dragons
  6 goliath frogs
  6 spriggan druids
  A flayed ghost (Depths:1)
  A wizard (D:15)
  3 orc knights
  A lindwurm (Lair:6)
  2 necromancers
  Pikel (D:8)
  A deep elf pyromancer (D:13)
  16 ugly things
  2 manticores
  9 orc sorcerers
  3 oklob plants
  A will-o-the-wisp (Swamp:3)
  2 cyclopes
  4 black mambas
  A black mamba (shapeshifter) (Lair:6)
  A salamander (shapeshifter) (D:15)
  24 elephants
  A rust devil (Depths:1)
  A gargoyle (D:11)
  2 torpor snails
  13 cane toads
  4 smoke demons
  11 rime drakes
  3 kobold demonologists
  4 komodo dragons
  4 polar bears (Lair:6)
  A red devil (Depths:1)
  2 ancient zymes (Lair:6)
  13 trolls
  A hellwing (Depths:1)
  A tengu conjurer (D:14)
  A queen bee (D:11)
  26 blink frogs
  8 tyrant leeches
  18 hornets
  7 dream sheep (Lair:5)
  6 slime creatures (D:15)
  A jumping spider (shapeshifter) (Lair:6)
  9 wyverns
  18 spriggans
  A ynoxinul (Lair:6)
  A water elemental (Depths:1)
  7 wraiths
  A vampire (D:13)
  49 yaks
  8 basilisks
  A wyvern (shapeshifter) (D:13)
  19 vampire mosquitoes
  A neqoxec (Depths:1)
  11 swamp worms
  5 wargs
  3 acid dragons
  5 nagas (Lair:2)
  15 water moccasins
  2 large abominations (Lair:6)
  8 swamp drakes
  2 black bears
  19 orc warriors
  3 ice beasts
  A sky beast (D:6)
  2 black bears (shapeshifter)
  48 wolves
  9 ogres
  10 centaurs
  5 boggarts (D:14)
  A phantom (D:3)
  2 kobold brigands (D:8)
  A wyvern zombie (D:5)
  4 bullfrogs
  2 gnoll sergeants
  2 water moccasin zombies
  A scorpion (D:6)
  31 killer bees
  2 howler monkeys (D:9)
  5 wights
  5 electric eels
  A centaur zombie (D:7)
  9 hounds
  3 bullfrog zombies
  2 jellies (D:6)
  A centaur skeleton (D:6)
  A gnoll shaman (D:6)
  10 orc priests
  10 hell rats (Lair:4)
  5 iguanas
  26 orc wizards
  Natasha (thrice) (D:2)
  10 small abominations (Lair:6)
  A howler monkey zombie (D:9)
  15 gnolls
  10 adders
  A shadow imp (D:6)
  3 white imps
  A worm (D:5)
  4 dart slugs
  76 orcs
  7 ball pythons
  7 bats
  6 endoplasms
  4 giant cockroaches
  6 goblins
  7 hobgoblins
  15 kobolds
  2 quokkas
  8 frilled lizards
  7 rats
961 creatures vanquished.

Vanquished Creatures (collateral kills)
  A bog body (Swamp:3)
  A will-o-the-wisp (Swamp:3)
2 creatures vanquished.

Vanquished Creatures (others)
  A spriggan (Swamp:3)
  A swamp worm (Lair:4)
  16 foxfires (Swamp:3)
  28 fungi
  27 plants
73 creatures vanquished.

Grand Total: 1036 creatures vanquished

Notes
Turn   | Place    | Note
-------+----------+-------------------------------------------
     0 | D:1      | MiltankisOP the Merfolk Gladiator began the quest for the
                  | Orb.
     0 | D:1      | Reached XP level 1. HP: 16/16 MP: 1/1
    73 | D:1      | Reached XP level 2. HP: 21/22 MP: 2/2
    74 | D:1      | Reached skill level 5 in Dodging
   344 | D:1      | Reached XP level 3. HP: 18/27 MP: 3/3
   615 | D:1      | Found a faded altar of an unknown god.
  1202 | D:2      | Reached skill level 6 in Dodging
  1459 | D:2      | Noticed Natasha
  1468 | D:2      | Killed Natasha
  1469 | D:2      | Reached XP level 4. HP: 15/33 MP: 4/4
  1893 | D:2      | Noticed Natasha
  1900 | D:2      | Killed Natasha
  1901 | D:2      | Reached skill level 7 in Dodging
  2040 | D:2      | Noticed Natasha
  2049 | D:2      | Killed Natasha
  2050 | D:2      | Reached XP level 5. HP: 22/38 MP: 5/5
  2985 | D:3      | Noticed a phantom
  3000 | D:3      | Killed a phantom
  3001 | D:3      | Reached skill level 8 in Dodging
  3001 | D:3      | Reached skill level 5 in Polearms
  3001 | D:3      | Reached XP level 6. HP: 16/44 MP: 6/6
  3356 | D:4      | You fall into a shaft and drop 3 floors!
  3843 | D:6      | Reached XP level 7. HP: 27/50 MP: 7/7
  4538 | D:6      | Reached skill level 5 in Fighting
  4814 | D:6      | Reached XP level 8. HP: 31/64 MP: 8/8
  5362 | D:7      | Noticed a hornet
  5362 | D:7      | Found Hoblipeg's Jewellery Shop.
  5795 | D:7      | Found a radiant altar of Vehumet.
  5802 | D:7      | Found a runed translucent door.
  5821 | D:7      | Noticed a hornet
  5891 | D:7      | Found Xosyqeh's Antique Weapon Boutique.
  5895 | D:7      | Killed a hornet
  5985 | D:7      | Identified the +5 ring mail of Devotion {rC+ rCorr Str-3}
  6045 | D:7      | Found Doewosups's Jewellery Shoppe.
  6282 | D:7      | Found Zoarel's Magic Scroll Emporium.
  6489 | D:7      | Found a staircase to the Ecumenical Temple.
  6501 | Temple   | Entered the Ecumenical Temple
  6785 | Temple   | Became a worshipper of Ashenzari the Shackled
  6829 | D:7      | Found Duybeseif's Self-Improvement Boutique.
  6851 | D:7      | Reached XP level 9. HP: 66/78 MP: 9/9
  6923 | D:7      | Reached skill level 10 in Fighting
  7267 | D:7      | Killed a hornet
  7556 | D:7      | Noticed osoart's ghost (novice DsTm)
  7691 | D:8      | Noticed a troll
  8426 | D:8      | Reached skill level 9 in Dodging
  8462 | D:8      | Found a staircase to the Lair.
  8504 | D:8      | Noticed a two-headed ogre
  8505 | D:8      | Killed a troll
  8506 | D:8      | Reached skill level 10 in Dodging
  9030 | D:8      | Noticed Pikel
  9099 | D:8      | Reached skill level 11 in Dodging
  9099 | D:8      | Reached XP level 10. HP: 82/88 MP: 10/10
  9103 | D:8      | Killed Pikel
  9104 | D:8      | Reached skill level 12 in Dodging
  9150 | D:8      | Killed a two-headed ogre
  9307 | D:8      | Identified the cursed +0 pair of boots of Ashenzari's
                  | Boredom {Bglg, Melee} (You found it on level 2 of the
                  | Dungeon)
  9580 | D:8      | Reached skill level 13 in Dodging
  9828 | D:5      | Entered Level 5 of the Dungeon
 10516 | D:5      | Reached * piety under Ashenzari
 10516 | D:5      | Identified a scroll of acquirement
 10568 | D:7      | Bought the necklace of Bloodlust {*Rage Will++ Int-3
                  | Slay+6} for 555 gold pieces
 10568 | D:7      | Found the necklace of Bloodlust {*Rage Will++ Int-3 Slay+6}
 10578 | D:7      | Acquired a +1 pair of gloves of strength
 10840 | D:5      | Found a basalt altar of Yredelemnul.
 10952 | D:4      | Found a runed translucent gate.
 10952 | D:4      | Found a runed translucent gate.
 10952 | D:4      | Found a runed translucent gate.
 11099 | D:4      | Reached ** piety under Ashenzari
 11457 | D:4      | Found a faded altar of an unknown god.
 11457 | D:4      | Found a blossoming altar of Fedhas.
 11464 | D:4      | Found a faded altar of an unknown god.
 11466 | D:4      | Found a glowing golden altar of the Shining One.
 11468 | D:4      | Found an iron altar of Okawaru.
 11518 | D:4      | Noticed mortz's ghost (amateur DECj)
 12020 | D:9      | Noticed a two-headed ogre
 12026 | D:9      | Killed a two-headed ogre
 12051 | D:9      | Noticed a two-headed ogre
 12061 | D:9      | Noticed a two-headed ogre
 12068 | D:9      | Reached skill level 10 in Polearms
 12076 | D:9      | Killed a two-headed ogre
 12085 | D:9      | Reached XP level 11. HP: 96/96 MP: 11/11
 12180 | D:9      | Killed a two-headed ogre
 12735 | D:7      | Bought a scroll of enchant armour for 97 gold pieces
 12736 | D:7      | Reached *** piety under Ashenzari
 12994 | D:10     | Entered Level 10 of the Dungeon
 13043 | D:10     | Reached skill level 1 in Shields
 13092 | D:10     | Noticed a two-headed ogre
 13122 | D:10     | Killed a two-headed ogre
 13298 | D:10     | Found a snail-covered altar of Cheibriados.
 13300 | D:10     | Found a shimmering altar of Xom.
 13328 | D:10     | Reached **** piety under Ashenzari
 13386 | D:10     | Noticed a two-headed ogre
 13393 | D:10     | Killed a two-headed ogre
 13428 | D:10     | Found a glowing silver altar of Zin.
 13496 | D:10     | Reached skill level 5 in Shields
 13603 | D:10     | Found a runed translucent gate.
 13603 | D:10     | Found a runed translucent gate.
 13603 | D:10     | Noticed Sin92's ghost (novice DsFi)
 13603 | D:10     | Noticed a 12-headed hydra
 13604 | D:10     | Found a runed translucent gate.
 14030 | D:11     | Noticed a four-headed hydra
 14062 | D:11     | Killed a four-headed hydra
 14289 | D:11     | Found Weupsyom's Jewellery Shop.
 14311 | D:11     | Reached XP level 12. HP: 110/110 MP: 12/12
 14643 | D:11     | Noticed a two-headed ogre
 14652 | D:11     | Killed a two-headed ogre
 14667 | D:11     | Found Lesoirch's Armour Boutique.
 15028 | D:12     | Reached skill level 10 in Shields
 15348 | D:12     | Found a staircase to the Orcish Mines.
 15398 | D:12     | Noticed a five-headed hydra
 15422 | D:12     | Killed a five-headed hydra
 15533 | D:12     | Noticed a centaur warrior
 15539 | D:12     | Noticed a rakshasa
 15556 | D:12     | Killed a rakshasa
 15558 | D:12     | Killed a centaur warrior
 16162 | D:13     | Reached ***** piety under Ashenzari
 16217 | D:13     | Reached skill level 14 in Dodging
 16250 | D:13     | Found a gate to the Vaults.
 16307 | D:13     | Noticed a centaur warrior
 16328 | D:13     | Killed a centaur warrior
 16433 | D:13     | Reached skill level 15 in Dodging
 16448 | D:13     | Noticed a centaur warrior
 16483 | D:13     | Reached XP level 13. HP: 96/119 MP: 14/14
 17047 | D:14     | Reached skill level 16 in Dodging
 17332 | D:14     | Noticed a rakshasa
 17648 | D:14     | Reached skill level 17 in Dodging
 17931 | D:14     | Reached skill level 18 in Dodging
 18284 | D:14     | Found a glowing golden altar of the Shining One.
 18459 | Lair:1   | Entered Level 1 of the Lair of Beasts
 18560 | Lair:1   | Noticed Nergalle
 18563 | Lair:1   | Noticed Sonja
 18574 | Lair:1   | Killed Nergalle
 18587 | Lair:1   | Killed Sonja
 18754 | Lair:1   | Reached skill level 19 in Dodging
 19685 | Lair:2   | Reached skill level 20 in Dodging
 19685 | Lair:2   | Reached XP level 14. HP: 123/126 MP: 15/15
 19975 | Lair:2   | Found a staircase to the Snake Pit.
 20248 | Lair:3   | Identified the ring "Buazy" {Drain rPois rN+ Str+6}
 20450 | Lair:3   | Reached skill level 21 in Dodging
 20844 | Lair:3   | Found a staircase to the Swamp.
 21191 | Lair:4   | Reached skill level 22 in Dodging
 21604 | Lair:4   | Found a dark tunnel.
 21728 | Lair:4   | Reached skill level 23 in Dodging
 22494 | Lair:5   | Reached XP level 15. HP: 108/133 MP: 16/16
 22602 | Lair:5   | Reached skill level 24 in Dodging
 22985 | Lair:5   | Found a staircase to the Slime Pits.
 23439 | Lair:5   | Reached skill level 25 in Dodging
 23973 | Lair:6   | Entered Level 6 of the Lair of Beasts
 24079 | Lair:6   | Noticed Josephine
 24091 | Lair:6   | Killed Josephine
 24441 | Lair:6   | Reached skill level 26 in Dodging
 24776 | Lair:6   | Found the ring of the Tortoise {AC+8}
 25097 | Lair:6   | Found a one-way gate to the infinite horrors of the Abyss.
 25255 | Lair:6   | Reached XP level 16. HP: 126/140 MP: 17/17
 25326 | Lair:6   | Found a corrupted altar of Lugonu.
 25335 | Lair:6   | Reached skill level 27 in Dodging
 25999 | D:15     | Entered Level 15 of the Dungeon
 26007 | D:15     | Found the +9 staff of Olgreb {rPois∞}
 26027 | D:15     | Found a runed translucent door.
 26046 | D:15     | Found a runed translucent door.
 26227 | D:15     | Found a runed translucent gate.
 26231 | D:15     | Found a staircase to the Depths.
 26390 | D:15     | Found a runed translucent gate.
 26391 | D:15     | Found a runed translucent gate.
 27019 | Orc:1    | Entered Level 1 of the Orcish Mines
 27123 | Orc:1    | Found a runed translucent door.
 27149 | Orc:1    | Found a bloodstained altar of Trog.
 27248 | Orc:1    | Found a runed translucent door.
 27255 | Orc:1    | Found the +10 tower shield of Ignorance {rN+ Int-4}
 27751 | Orc:2    | Entered Level 2 of the Orcish Mines
 28005 | Orc:2    | Found Waapil's Magic Scroll Shoppe.
 28013 | Orc:2    | Found a staircase to the Elven Halls.
 28540 | Orc:2    | Found Denot's Book Boutique.
 28563 | Orc:2    | Found an ancient bone altar of Kikubaaqudgha.
 28567 | Orc:2    | Found Attaypn's Antique Armour Boutique.
 28654 | Orc:2    | Found a radiant altar of Vehumet.
 28709 | Orc:2    | Found Sudamupp's Antique Weapon Shop.
 28770 | Orc:2    | Found Kouz's Distillery.
 28783 | Orc:2    | Bought a potion of heal wounds for 70 gold pieces
 28783 | Orc:2    | Bought a potion of haste for 140 gold pieces
 28783 | Orc:2    | Bought a potion of curing for 42 gold pieces
 29108 | Swamp:1  | Entered Level 1 of the Swamp
 29238 | Swamp:1  | Noticed a thorn hunter
 29253 | Swamp:1  | Killed a thorn hunter
 29493 | Swamp:1  | Reached skill level 15 in Fighting
 29919 | Swamp:2  | Noticed Louise
 29950 | Swamp:2  | Killed Louise
 30472 | Swamp:3  | Reached XP level 17. HP: 73/160 MP: 18/18
 31003 | Swamp:3  | Found a runed translucent gate.
 31441 | Swamp:3  | Found a runed translucent gate.
 31441 | Swamp:3  | Found a runed translucent gate.
 31445 | Swamp:3  | Noticed Roxanne
 31475 | Swamp:3  | Killed Roxanne
 31480 | Swamp:3  | Noticed Zoigrime's ghost (adept FoFi)
 31480 | Swamp:3  | Noticed Gokhumny's ghost (adept GnFi)
 31480 | Swamp:3  | Noticed Ufythefao's ghost (adept MiFi)
 31662 | Swamp:4  | Entered Level 4 of the Swamp
 31761 | Swamp:4  | Acquired 1059 gold pieces
 31849 | Swamp:4  | Reached skill level 15 in Polearms
 33436 | Swamp:4  | Paralysed by a hornet for 1 turns
 34538 | Swamp:4  | Got a decaying rune of Zot
 34831 | Depths:1 | Entered Level 1 of the Depths
 34987 | Orc:2    | Bought a jewelled plate armour for 728 gold pieces
 34987 | Orc:2    | Identified the +2 plate armour "Diech" {Fly rPois Int+8
                  | Stlth-} (You bought it in a shop on level 2 of the Orcish
                  | Mines)
 35602 | Depths:1 | Found a gateway to Hell.
 35939 | Depths:1 | Reached XP level 18. HP: 142/169 MP: 19/19
 36659 | Depths:1 | Noticed Saint Roka
 37051 | Depths:1 | Reached skill level 1 in Spellcasting
 37544 | Depths:1 | Killed Saint Roka
 38230 | Depths:1 | Found a one-way gate leading to the halls of Pandemonium.
 38291 | Depths:1 | Reached skill level 5 in Spellcasting
 38842 | Depths:1 | Found a blossoming altar of Fedhas.
 39057 | Depths:2 | Reached skill level 1 in Transmutations
 39434 | Depths:2 | Identified the +9 hand crossbow "Cydof" {venom, rPois Str-4
                  | Dex+2}
 39435 | Depths:2 | Identified the ring of Descent {Fly rElec AC+4 Dex-4}
 39436 | Depths:2 | Noticed mrw3rdna's ghost (adept GrEE)
 39437 | Depths:2 | Noticed a walking divine tome
 39438 | Depths:2 | Identified the ring "Cimiv" {rElec rCorr MP+9 Int+3}
 39438 | Depths:2 | Noticed a tentacled monstrosity
 39439 | Depths:2 | Noticed a titan
 39926 | Depths:2 | Found a sparkling altar of Nemelex Xobeh.
 39936 | Depths:2 | Noticed Boris
 39972 | Depths:2 | Killed Boris
 39973 | Depths:2 | Reached skill level 5 in Transmutations
 40263 | Depths:2 | Found a runed translucent gate.
 40263 | Depths:2 | Found a runed translucent gate.
 40263 | Depths:2 | Found a runed translucent gate.
 40439 | Depths:2 | Paralysed by a vampire knight for 4 turns
 40442 | Depths:2 | HP: 5/169 [phantasmal warrior (28)]
 40443 | Depths:2 | Mangled by a vampire knight

Illustrated notes

Levels and vault maps discovered:
D:1:      kennysheep_arrival_seaside, layout_loops_cross,
          dreamdust_ecumenical_altar_angels_and_demons, grunt_decor_resistance
D:2:      layout_basic, uniq_natasha
D:3:      layout_basic, minmay_starry_boxes
D:4:      layout_basic, chequers_temple_overflow_minitemple,
          gammafunk_ghost_icy, minmay_misc_feat_roman, hangedman_glass_teeth
D:5:      layout_loops_ring, nicolae_overflow_hidden_temple,
          chequers_serial_rivers_small_b, small_statue_intersection
D:6:      layout_rooms, minmay_fractal_squares_diagonal_5
D:7:      layout_cave_pools, lemuel_crystal_altar,
          minmay_temple_entry_glassed_door, ebering_ghost_reflecting_pool,
          serial_shops, shop, nicolae_shop_stone, shop, kennysheep_mini_moat,
          nicolae_shop_self_help
D:8:      layout_loops_cross, erik_lair_island, uniq_pikel
D:9:      layout_cave_pools, minmay_between
D:10:     layout_rooms, zin_academy, nicolae_overflow_squiral,
          gammafunk_ghost_hydra_chop
D:11:     layout_roguey, special_room [special_room_bee], serial_shops,
          nicolae_shop_behind_doors, nicolae_shop_statue_plus
D:12:     layout_basic, david_orc_2
D:13:     layout_long_grid, david_vaults_1
D:14:     layout_roguey, tso_altar
D:15:     hangedman_depths_entry_civil_slaughter, layout_stronghold,
          hangedman_decor_diamond_cutter, minmay_guarded_unrand_staff_of_olgreb
Temple:   dpeg_chambers_temple
Lair:1:   layout_cave_pods, serial_forest, infiniplex_forest_straight_3,
          infiniplex_forest_clump_small, infiniplex_forest_lined_corner,
          infiniplex_forest_straight_4, infiniplex_forest_lined_4_way,
          infiniplex_forest_lined_ring, infiniplex_forest_end_2,
          infiniplex_forest_straight_1, infiniplex_forest_lined_4_way,
          uniq_sonja, uniq_nergalle
Lair:2:   layout_roguey, minmay_snake_entry_guardpost_medium,
          grunt_forest_large_clearings, serial_bayou_shore_b
Lair:3:   layout_regular_city, swamp_mist_pool, infiniplex_staircase_pool
Lair:4:   onia_ninara_swampy_vault, layout_hall_layers, special_room
          [special_room_mythical_zoo], enter_volcano_4, patterned_corridor,
          serial_bayou_shore_b
Lair:5:   mu_elephants_graveyard, layout_cave_shapes,
          minmay_slime_entry_oklob_enclosed
Lair:6:   hellmonk_lair_end_abyssal_woods, layout_hall_layers,
          chequers_serial_rivers_large_b, lemuel_fruit_tree, uniq_josephine
Swamp:1:  layout_basic_swamp, evilmike_swamp_ruin_house_1
Swamp:2:  layout_falls_marsh, evilmike_swamp_ruin_rubble_1, uniq_louise
Swamp:3:  layout_basic_swamp, gammafunk_ghost_cemetery,
          evilmike_swamp_ruin_rubble_2, uniq_roxanne
Swamp:4:  swamp, layout_basic_swamp, nicolae_swamp_baby_hydras
Orc:1:    layout_caves, basic_altar, chequers_guarded_unrand_ignorance
Orc:2:    kennysheep_orc_mage_school, layout_diamond_mine, serial_shops, shop
Depths:1: layout_cave_pools, abyss_entry, chequers_serial_rivers_micro_d,
          grunt_mini_vestibule, grunt_pan_entry_sceptre,
          fedhas_altar_fruit_tree, uniq_saint_roka
Depths:2: hangedman_hanging_gardens, layout_cave_shapes, gammafunk_ghost_split,
          hangedman_coc_ice_floe, pan_entry, nemelex_lonely_heart_becter

Skill      XL: |  1  2  3  4  5  6  7  8  9 10 11 12 13 14 15 16 17 18 |
---------------+-------------------------------------------------------+-----
Dodging        | 5 6 7 8 11 13 15 20 23 26 27 | 27.0
Polearms       | 5 8 11 13 19 21 | 21.0
Fighting       | 6 9 11 16 17 | 17.2
Shields        | 7 11 | 11.8
Spellcasting   | 5 |  5.1
Transmutations | 6 |  6.4
Throwing       | |  2.0

Action                   |  1- 3 |  4- 6 |  7- 9 | 10-12 | 13-15 | 16-18 || total
-------------------------+-------+-------+-------+-------+-------+-------++-------
Melee: Trident           |    92 |   184 |   428 |   773 |  1638 |   786 ||  3901
       Punch             |     1 |     2 |    13 |     3 |       |       ||    19
       Tailslap          |       |       |     1 |       |    19 |    75 ||    95
       Demon trident     |       |       |       |       |       |   985 ||   985
Throw: Throwing net      |       |       |     5 |       |       |       ||     5
       Boomerang         |       |       |       |    16 |     3 |     5 ||    24
Invok: Curse Item        |       |       |       |     8 |     1 |       ||     9
Evoke: Wand              |       |     4 |    12 |     6 |     6 |     4 ||    32
  Use: Potion            |       |     1 |     1 |       |       |     2 ||     4
       Scroll            |       |       |     8 |     6 |     3 |     3 ||    20
 Stab: Sleeping          |     5 |     3 |       |     5 |     1 |     4 ||    18
       Distracted        |       |       |     4 |     5 |     4 |     6 ||    19
       Held in net/web   |       |       |     5 |       |       |       ||     5
       Petrified         |       |       |       |       |     5 |       ||     5
       Petrifying        |       |       |       |       |     3 |       ||     3
       Confused          |       |       |       |       |       |     1 ||     1
Armor: Leather armour    |    17 |    21 |    35 |       |       |       ||    73
       Ring mail         |       |       |    43 |    88 |   106 |    93 ||   330
Dodge: Dodged            |    51 |   134 |   296 |   289 |   848 |   828 ||  2446
Block: Kite shield       |       |       |       |   369 |  1272 |  1071 ||  2712
